 Dungeon Crawl Stone Soup version 0.30-a0-867-g305f33218d (webtiles) character file.

Game seed: 18369519390359728669

3413375 Khashishi the Heavyweight Champion (level 27, 281/281 (300) HPs)
             Began as a Troll Monk on Mar 9, 2023.
             Was the Champion of Qazlal.
             Escaped with the Orb
             ... and 5 runes on Mar 10, 2023!
             The game lasted 09:35:06 (65341 turns).

Khashishi the Heavyweight Champion (Troll Monk)    Turns: 65341, Time: 09:35:06

HP:   281/281 (300) AC: 29    Str: 38    XL:     27
MP:   35/35         EV: 10    Int:  8    God:    Qazlal [******]
Gold: 6408          SH: 24    Dex: 12    Spells: 26/26 levels left

rFire   + . .      SeeInvis +      - Unarmed
rCold   + + +      Faith    +    L - +4 kite shield of Indemnity {rCorr}
rNeg    + . .      Spirit   .    m - +4 ice dragon scales "Wugoaq Hugu" {Rampage rF- rC++ Will+}
rPois   +          Reflect  .    j - +2 hat of Abstinence {Fly Str+3}
rElec   +          Rampage  +    p - +2 cloak
rCorr   +                        (gloves unavailable)
Will    ++++.                    (boots unavailable) Stlth
                                 T - amulet of faith
HPRegen 1.46/turn                q - ring of Nothaol {rPois rC+ Will+ Int+2}
MPRegen 0.24/turn                X - ring of Xunyed {+Blink rElec rN+ Str-2 SInv}

@: flying, studying 4 skills, drained, repel missiles
A: large, unfitting armour, claws 3, regeneration 1, shaggy fur 1, tough skin 1,
fangs 1, horns 1, fire resistance 2, low MP 1, screaming 1, wild magic 1, no
potion heal 2, inability to read after injury 1
0: Orb of Zot
}: 5/15 runes: barnacled, slimy, silver, abyssal, gossamer
a: Renounce Religion, Evoke Blink, Upheaval, Elemental Force, Disaster Area


You escaped.
You worshipped Qazlal.
Qazlal was exalted by your worship.
You visited 11 branches of the dungeon, and saw 53 of its levels.
You visited the Abyss 14 times.
You also visited: Ice Cave and Wizlab.

You collected 7686 gold pieces.
You spent 1278 gold pieces at shops.

Inventory:

Hand Weapons
 a - a +9 sling of draining
Missiles
 u - a curare-tipped dart (quivered)
 B - a throwing net
Armour
 g - +3 fire dragon scales
 j - the +2 hat of Abstinence (worn) {Fly Str+3}
   (You found it on level 4 of the Spider Nest)

   Str:       It affects your strength (+3).
   Fly:       It grants you flight.
 m - the +4 ice dragon scales "Wugoaq Hugu" (worn) {Rampage rF- rC++ Will+}
   (You found it on level 3 of the Elven Halls)

   rF:        It makes you vulnerable to fire.
   rC:        It greatly protects you from cold.
   Rampage:   It bestows one free step when moving towards enemies.
   Will:      It increases your willpower.
 p - a +2 cloak (worn)
 L - the +4 kite shield of Indemnity (worn) {rCorr}
   (You took it off Asterion on level 4 of the Spider Nest)

   rCorr:     It protects you from acid and corrosion.
Jewellery
 q - the ring of Nothaol (left claw) {rPois rC+ Will+ Int+2}
   (You took it off a deep elf elementalist on level 3 of the Elven Halls)

   [ring of willpower]

   Int:       It affects your intelligence (+2).
   rC:        It protects you from cold.
   rPois:     It protects you from poison.
   Will:      It increases your willpower.
 r - the ring "Qekaddiz" {Ice rCorr Int-2 Dex+4}
   (You took it off a merfolk on level 4 of the Shoals)

   [ring of ice]

   It enhances your ice magic.
   Int:       It affects your intelligence (-2).
   Dex:       It affects your dexterity (+4).
   rF:        It makes you vulnerable to fire.
   rC:        It protects you from cold.
   rCorr:     It protects you from acid and corrosion.
 y - a ring of protection from fire
 H - the ring "Satotzu" {rElec Str-2 Int+6 Dex+5 SInv}
   (You found it on level 3 of the Elven Halls)

   [ring of intelligence]

   Str:       It affects your strength (-2).
   Int:       It affects your intelligence (+6).
   Dex:       It affects your dexterity (+5).
   rElec:     It insulates you from electricity.
   SInv:      It lets you see invisible.
 N - the ring "Iseanari" {Wiz rN+ Dex-3 Stlth+}
   (You found it in a wizard's laboratory)

   [ring of wizardry]

   It improves your spell success rate.
   Dex:       It affects your dexterity (-3).
   rN:        It protects you from negative energy.
   Stlth:     It makes you more stealthy.
 T - an amulet of faith (around neck)
 X - the ring of Xunyed (right claw) {+Blink rElec rN+ Str-2 SInv}
   (You bought it in a shop on level 2 of the Orcish Mines)

   [ring of positive energy]

   Str:       It affects your strength (-2).
   rElec:     It insulates you from electricity.
   rN:        It protects you from negative energy.
   SInv:      It lets you see invisible.
   +Blink:    It lets you blink.
 Y - the ring "Fetenn" {Will+ Str+3}
   (You took it off a deep elf knight on level 3 of the Elven Halls)

   [ring of willpower]

   Str:       It affects your strength (+3).
   Will:      It increases your willpower.
Wands
 k - a wand of digging (23)
 l - a wand of mindburst (29)
 E - a wand of charming (41)
 G - a wand of acid (11)
 V - a wand of iceblast (23)
Scrolls
 c - 2 scrolls of enchant armour
 h - 14 scrolls of teleportation
 i - 4 scrolls of magic mapping
 s - 6 scrolls of poison
 v - 8 scrolls of immolation
 C - a scroll of blinking
 I - a scroll of acquirement
 J - 5 scrolls of silence
 R - 8 scrolls of fear
 W - 5 scrolls of fog
Potions
 b - 9 potions of ambrosia
 d - 3 potions of berserk rage
 f - 15 potions of curing
 o - 2 potions of attraction
 t - 9 potions of flight
 w - 3 potions of magic
 A - 3 potions of lignification
 D - 7 potions of mutation
 F - a potion of might
 Q - 2 potions of haste
 S - 3 potions of heal wounds
Miscellaneous
 e - a condenser vane
 x - a phial of floods
 z - a lightning rod (4/4)
 P - a phantom mirror
 U - a tin of tremorstones (2/2)


   Skills:
 + Level 22.0 Fighting
 - Level 4.0 Ranged Weapons
 + Level 21.9 Armour
 - Level 7.0 Dodging
 - Level 1.0 Stealth
 - Level 13.1 Shields
 O Level 27 Unarmed Combat
 + Level 26.5 Invocations
 - Level 2.0 Evocations


You had 26 spell levels left.
You didn't know any spells.
Your spell library contained the following spells:

 Spells                   Type           Power      Damage    Failure   Level
 Apportation              Tloc           0%         N/A       78%         1
 Beastly Appendage        Tmut           0%         N/A       78%         1
 Foxfire                  Conj/Fire      0%         2x1d4     78%         1
 Freeze                   Ice            0%         1d3       78%         1
 Kiss of Death            Conj/Necr      0%         2d5       78%         1
 Necrotise                Necr           0%         1d4       78%         1
 Sandblast                Erth           0%         2d4       78%         1
 Shock                    Conj/Air       0%         1d3       78%         1
 Sting                    Tmut/Pois      0%         1d3       78%         1
 Summon Small Mammal      Summ           0%         N/A       78%         1
 Blink                    Tloc           0%         N/A       89%         2
 Call Imp                 Summ           0%         N/A       89%         2
 Cigotuvi's Dreadful Rot  Necr/Pois/Air  0%         N/A       89%         2
 Ensorcelled Hibernation  Hex/Ice        0%         N/A       89%         2
 Lesser Beckoning         Tloc           0%         N/A       89%         2
 Momentum Strike          Conj/Tloc      0%         3d8       89%         2
 Passwall                 Tmut/Erth      0%         N/A       89%         2
 Poisonous Vapours        Pois/Air       0%         N/A       89%         2
 Scorch                   Fire           0%         2d5       89%         2
 Static Discharge         Conj/Air       0%         2-2/arc   89%         2
 Sublimation of Blood     Necr           0%         N/A       89%         2
 Wereblood                Tmut           0%         N/A       89%         2
 Call Canine Familiar     Summ           0%         N/A       98%         3
 Confusing Touch          Hex            0%         N/A       98%         3
 Dazzling Flash           Conj/Hex       0%         N/A       98%         3
 Frozen Ramparts          Ice            0%         1d1       98%         3
 Gell's Gravitas          Tloc           0%         N/A       98%         3
 Hailstorm                Conj/Ice       0%         3d3       98%         3
 Ignite Poison            Fire/Tmut/Pois 0%         N/A       98%         3
 Inner Flame              Hex/Fire       0%         N/A       98%         3
 Kindle Blastsparks       Fire/Tloc/Air  0%         2d10      98%         3
 Mephitic Cloud           Conj/Pois/Air  0%         N/A       98%         3
 Ozocubu's Armour         Ice            0%         N/A       98%         3
 Spider Form              Tmut/Pois      0%         N/A       98%         3
 Stone Arrow              Conj/Erth      0%         3d7       98%         3
 Teleport Other           Tloc           0%         N/A       98%         3
 Tukima's Dance           Hex            0%         N/A       98%         3
 Vampiric Draining        Necr           0%         2d6       98%         3
 Vhi's Electric Charge    Tloc/Air       0%         N/A       98%         3
 Anguish                  Hex/Necr       0%         N/A       100%        4
 Animate Armour           Summ/Erth      0%         N/A       100%        4
 Animate Dead             Necr           0%         N/A       100%        4
 Cause Fear               Hex            0%         N/A       100%        4
 Dispel Undead            Necr           0%         3d6       100%        4
 Flame Wave               Conj/Fire      0%         2d4       100%        4
 Ice Form                 Ice/Tmut       0%         N/A       100%        4
 Iskenderun's Mystic Bla  Conj/Tloc      0%         2d3       100%        4
 Olgreb's Toxic Radiance  Pois           0%         N/A       100%        4
 Passage of Golubria      Tloc           0%         N/A       100%        4
 Petrify                  Tmut/Erth      0%         N/A       100%        4
 Sticky Flame             Conj/Fire      0%         2d3       100%        4
 Summon Ice Beast         Ice/Summ       0%         N/A       100%        4
 Agony                    Necr           0%         N/A       100%        5
 Alistair's Intoxication  Tmut/Pois      0%         N/A       100%        5
 Arcjolt                  Conj/Air       0%         1d10      100%        5
 Blade Hands              Tmut           0%         N/A       100%        5
 Borgnjor's Vile Clutch   Necr/Erth      0%         N/A       100%        5
 Fireball                 Conj/Fire      0%         3d3       100%        5
 Freezing Cloud           Conj/Ice/Air   0%         6-21      100%        5
 Irradiate                Conj/Tmut      0%         3d11      100%        5
 Iskenderun's Battlesphe  Conj           0%         2d6       100%        5
 Lee's Rapid Deconstruct  Erth           0%         3d4*      100%        5
 Metabolic Englaciation   Hex/Ice        0%         N/A       100%        5
 Silence                  Hex/Air        0%         N/A       100%        5
 Summon Forest            Summ/Tloc      0%         N/A       100%        5
 Summon Mana Viper        Hex/Summ       0%         N/A       100%        5
 Yara's Violent Unravell  Hex/Tmut       0%         3d3       100%        5
 Conjure Ball Lightning   Conj/Air       0%         3x3d6     100%        6
 Death Channel            Necr           0%         N/A       100%        6
 Dispersal                Tloc           0%         N/A       100%        6
 Eringya's Noxious Bog    Tmut/Pois      0%         N/A       100%        6
 Iron Shot                Conj/Erth      0%         9d1       100%        6
 Simulacrum               Ice/Necr       0%         N/A       100%        6
 Starburst                Conj/Fire      0%         6d3       100%        6
 Statue Form              Tmut/Erth      0%         N/A       100%        6
 Summon Cactus Giant      Summ           0%         N/A       100%        6
 Dragon Form              Tmut           0%         N/A       100%        7
 Haunt                    Necr/Summ      0%         N/A       100%        7
 Malign Gateway           Summ/Tloc      0%         N/A       100%        7
 Monstrous Menagerie      Summ           0%         N/A       100%        7
 Orb of Destruction       Conj           0%         9d5       100%        7
 Ozocubu's Refrigeration  Ice            0%         4d7       100%        7
 Summon Hydra             Summ           0%         N/A       100%        7
 Borgnjor's Revivificati  Necr           0%         N/A       100%        8
 Discord                  Hex            0%         N/A       100%        8
 Disjunction              Tloc           0%         N/A       100%        8
 Ignition                 Fire           0%         3d3       100%        8
 Infestation              Necr           0%         N/A       100%        8
 Lehudib's Crystal Spear  Conj/Erth      0%         10d2      100%        8
 Maxwell's Capacitive Co  Air            0%         ∞         100%        8
 Necromutation            Tmut/Necr      0%         N/A       100%        8
 Summon Horrible Things   Summ           0%         N/A       100%        8
 Chain Lightning          Conj/Air       0%         N/A       100%        9
 Death's Door             Necr           0%         N/A       100%        9
 Dragon's Call            Summ           0%         N/A       100%        9
 Shatter                  Erth           0%         3d5*      100%        9


Dungeon Overview and Level Annotations

Branches:
Dungeon (15/15)            Temple (1/1) D:5            Lair (5/5) D:8
 Shoals (4/4) Lair:3       Spider (4/4) Lair:2        Slime (5/5) Lair:4
    Orc (2/2) D:12            Elf (3/3) Orc:2        Vaults (5/5) D:13
  Crypt (0/3) Vaults:3     Depths (4/4) D:15            Zot (5/5) Depths:4
  IceCv (visited)          WizLab (visited)

Altars:
Ashenzari
Cheibriados
Dithmenos
Elyvilon
Fedhas
Gozag
Hepliaklqana
Kikubaaqudgha
Makhleb
Nemelex Xobeh
Okawaru
Qazlal
Ru
Sif Muna
Trog
Uskayaw
Vehumet
Wu Jian
Xom
Yredelemnul
Zin
The Shining One
Jiyva
Lugonu

Shops:
D:3 *   D:10 (   D:11 *   D:15 (   Orc:1 [   Orc:2 *(*=   Elf:3 [*[[
Shoals:2 *   Zot:1 *   Depths:1 =(*?   Depths:2 (   Depths:3 ::=

Portals:
Hell: Depths:1 Depths:2 Depths:3 Depths:4
Abyss: Depths:2 Depths:3 Depths:4
Pandemonium: Depths:1 Depths:2 Depths:4
Ziggurat: Depths:4

Annotations:
Zot:3 1 transporter


Innate Abilities, Weirdness & Mutations

You are too large for most types of armour.
You have claws for hands.
Your natural rate of healing is unusually fast.
You are covered in fur. (AC +1)
You have tough skin. (AC +1)
You have very sharp teeth.
You have a pair of small horns on your head.
Your flesh is very heat resistant. (rF++)
Your magical capacity is low. (-10% MP)
You occasionally shout uncontrollably at your foes.
Your spells are a little harder to cast, but a little more powerful.
Potions cannot restore your health.
You occasionally lose the ability to read scrolls when taking damage.


Message History

The green death gestures at you.
The blast of poison engulfs you but does no damage.
You are poisoned.
You resist.
You eviscerate the green death!!!
You headbutt the green death, but do no damage.
You bite the green death.
The green death is heavily wounded.
You feel sick. You block the green death's attack.
You eviscerate the green death!!!!
You kill the green death!
Qazlal accepts your kill.
You feel sick.
You feel sick.
You feel sick.
There is a stone staircase leading up here.
You feel sick.
You fly upwards.
You feel sick.
There is a stone staircase leading down here.
(D) Dungeon (T) Temple (L) Lair (A) Shoals (N) Spider Nest (M) Slime Pits (O) Orcish Mines (E) Elven Halls (V) Vaults (C) Crypt (U) Depths (H) Hell (Z) Zot
Where to? (Enter - D:1, ? - help)
You feel sick.
You feel sick.
You are no longer poisoned.
HP restored.
There is a stone staircase leading up here.
You fly upwards.
There is a stone staircase leading down here.
There is a stone staircase leading up here.
You fly upwards.
There is a stone staircase leading down here.
There is a stone staircase leading up here.
You fly upwards.
There is a stone staircase leading down here.
(D) Dungeon (T) Temple (L) Lair (A) Shoals (N) Spider Nest (M) Slime Pits (O) Orcish Mines (E) Elven Halls (V) Vaults (C) Crypt (U) Depths (H) Hell (Z) Zot
Where to? (Enter - D:1, ? - help)
Okay, then.
There is an open door here.
There is a staircase leading out of the dungeon here.
You have escaped!

#.#.####### #...##.
#.#.......# #...##.
#.#.....#.# #...##.
##.##.##.#.# #...##.
.#....##.#.# #...##.
.#....##.#.# #...##.
........>..# #...##.
.##.#†##.############
#...##. .##...##.#
#...@○..# #......
.........# #8...°.8#
#...... ##....####
##○☼.§.## #...... #....#
#..8○8..# ###....
#...#########.....######
#...[
##...÷.......#.....#....#
#.###
....###..###.#.8.8.##.#.#
##'###
....#........#.....##.#.#
#.....
...##.###÷.#.#.....##.#.#
#.....


There were no monsters in sight!

Vanquished Creatures
  Dissolution (Slime:2)
  6 dread liches
  8 orbs of fire
  4 ancient liches
  Mennas (Depths:4)
  Mara (Spider:3)
  3 Killer Klowns (Zot:5)
  Saint Roka (Depths:1)
  Bai Suzhen (Spider:4)
  A caustic shrike (Depths:4)
  A curse toe (Zot:1)
  The ghost of Vidwubru the Warrior, a veteran HuIE of Zin (Depths:4)
  4 golden dragons
  Nikola (Spider:4)
  A profane servitor (Abyss:3)
  15 bone dragons
  Arachne (Spider:3)
  2 doom hounds
  2 Tzitzimimeh
  A pandemonium lord (Depths:3)
  15 tentacled monstrosities
  5 electric golems
  A walking crystal tome (Abyss:4)
  Jorgrun (D:14)
  3 hellephants
  Grunn (Depths:2)
  3 Hell Sentinels
  26 Orb Guardians
  5 titans
  8 liches
  2 deep elf blademasters (Elf:3)
  A walking frostbound tome (Depths:1)
  2 quicksilver dragons
  28 acid blobs
  2 deep elf master archers (Elf:3)
  An eldritch tentacle (Elf:1)
  3 Executioners
  5 sphinxes
  Polyphemus (Shoals:3)
  A thorn hunter (Abyss:4)
  9 death cobs
  41 tentacled starspawn
  Gastronok (D:12)
  6 tengu reavers
  Donald (Spider:2)
  12 storm dragons
  13 draconian monks
  Kirke (D:15)
  Agnes (Lair:2)
  12 shadow dragons
  Frances (Elf:1)
  13 rockslimes
  An azure jelly (shapeshifter) (Depths:4)
  5 draconian knights
  15 azure jellies
  6 emperor scorpions (Spider:4)
  9 fire giants
  2 revenants
  3 iron dragons
  12 frost giants
  5 draconian scorchers
  13 vault wardens
  8 ghost moths
  6 deep elf sorcerers
  7 deep elf elementalists
  4 spriggan defenders (Depths:3)
  5 cacodemons
  4 balrugs
  5 draconian shifters
  A shard shrike simulacrum (Abyss:3)
  5 draconian annihilators
  A draconian stormcaller (Zot:3)
  3 war gargoyles
  A demonspawn blood saint (WizLab)
  An angel (Abyss:3)
  8 quicksilver oozes
  4 reapers
  An ophan (Abyss:3)
  21 ironbound preservers
  2 orc warlords
  A demonspawn corrupter (Abyss:4)
  10 stone giants
  45 very ugly things
  2 demonspawn black suns (Zot:4)
  11 ironbound thunderhulks
  12 green draconians
  7 deep elf demonologists
  13 yellow draconians
  Nessos (Orc:2)
  2 vampire knights
  5 purple draconians
  12 black draconians
  6 white draconians
  A bunyip (shapeshifter) (Vaults:5)
  2 lorocyprocas
  9 red draconians
  24 spark wasps
  5 dire elephants
  12 deep elf annihilators
  4 green deaths
  5 eidola
  5 deep elf death magi
  5 blizzard demons
  6 jiangshi
  13 ettins
  2 crystal guardians
  27 yaktaur captains
  3 merfolk impalers
  13 fire dragons
  13 deep elf high priests
  5 merfolk javelineers
  23 great orbs of eyes
  Josephine (D:10)
  36 vault guards
  4 entropy weavers
  3 rakshasas (Abyss:4)
  9 ice dragons
  3 catoblepae
  4 hydras
  4 peacekeepers
  5 ogre magi
  2 hell beasts (WizLab)
  A caustic shrike simulacrum (Abyss:5)
  17 centaur warriors
  4 radroaches
  3 ghost crabs (Elf:1)
  11 ironbound frosthearts
  3 jorogumos
  2 merfolk aquamancers
  A death knight (D:15)
  4 spriggan air magi
  2 spriggan skeletons (Abyss:3)
  7 two-headed ogres
  An anaconda (shapeshifter) (Depths:4)
  4 satyrs (Shoals:4)
  27 dancing weapons
  2 death yaks (Shoals:3)
  3 deep troll shamans (Depths:3)
  3 alligator snapping turtles
  5 boulder beetles
  3 deep troll earth magi
  6 tengu warriors
  16 hell hogs
  4 orc high priests (Orc:2)
  17 thrashing horrors
  A shock serpent (shapeshifter) (Elf:1)
  A shock serpent (Elf:1)
  6 spriggan berserkers (Depths:3)
  Sonja (Orc:2)
  3 vampire magi
  14 hell knights
  2 soul eaters
  A titan skeleton (Abyss:3)
  4 skysharks
  5 sun demons
  3 pharaoh ants
  11 sixfirhies
  A fire crab (Elf:1)
  3 death drakes
  24 deep elf knights
  4 sun moths
  2 quicksilver dragon simulacra
  2 shadow wraiths (Abyss:3)
  3 spatial maelstroms
  36 wretched stars
  4 flayed ghosts
  10 sea snakes
  A swamp dragon (Lair:5)
  5 iron trolls
  57 deep trolls
  An orange crystal statue (IceCv)
  A deep troll (shapeshifter) (Vaults:5)
  9 orb spiders
  16 deep elf archers
  14 glowing orange brains
  4 shadow demons
  An obsidian statue (IceCv)
  A harpy (shapeshifter) (Depths:2)
  3 spriggan druids (Depths:3)
  2 spriggan simulacra
  13 wizards
  15 lindwurms
  4 steelbarb worms
  A tengu skeleton (Elf:1)
  27 deep elf pyromancers
  2 oklob plants (Shoals:1)
  An iron giant skeleton (Abyss:4)
  22 ironbound convokers
  6 necromancers
  8 phantasmal warriors
  10 orc knights
  2 shadow dragon skeletons
  27 deep elf zephyrmancers
  20 harpies
  A mana viper (Elf:1)
  5 cyclopes
  61 ugly things
  8 orc sorcerers
  A stone giant zombie (Vaults:1)
  4 will-o-the-wisps
  28 wolf spiders
  11 fauns
  A sphinx skeleton (Elf:1)
  10 manticores
  31 moths of wrath
  11 worldbinders
  11 shining eyes
  7 apocalypse crabs
  3 rust devils (WizLab)
  18 vault sentinels
  11 merfolk sirens
  27 smoke demons
  5 torpor snails
  13 black mambas
  9 demonic crawlers
  3 eyes of devastation
  19 elephants
  8 water nymphs
  5 gargoyles
  6 guardian serpents
  2 naga magi (D:15)
  Joseph (D:7)
  A guardian serpent (shapeshifter) (Abyss:5)
  15 orange demons
  A molten gargoyle (Elf:1)
  A titan simulacrum (Elf:1)
  7 unseen horrors
  17 cane toads
  A centaur skeleton (D:15)
  An alligator snapping turtle zombie (Abyss:3)
  5 hellions
  An unseen horror (shapeshifter) (Abyss:3)
  A rime drake (Lair:1)
  12 freezing wraiths
  20 komodo dragons
  5 tormentors
  29 yaktaurs
  7 efreet
  A kobold demonologist (Abyss:3)
  A yaktaur (shapeshifter) (Abyss:4)
  6 ice devils
  A troll (shapeshifter) (Abyss:3)
  22 merfolk
  2 tengu conjurers
  A merfolk (shapeshifter) (Vaults:4)
  A wind drake (shapeshifter) (Abyss:3)
  3 meliai (Spider:4)
  23 ancient zymes
  2 red devils (WizLab)
  A tarantella (shapeshifter) (Vaults:5)
  A wolf spider simulacrum (D:15)
  2 polar bears
  6 wind drakes
  32 blink frogs
  4 harpy skeletons
  5 trolls
  8 snapping turtles
  9 hornets
  8 hellwings
  22 tarantellas
  2 dream sheep (Shoals:2)
  65 raiju
  34 jumping spiders
  122 slime creatures
  7 flying skulls
  Sigmund (D:2)
  22 spriggans (Depths:3)
  An air elemental (Elf:1)
  24 culicivoras
  11 wraiths
  A centaur simulacrum (D:14)
  2 dire elephant simulacra
  5 vampires
  10 water elementals
  2 shadows
  15 ynoxinuls
  An ettin skeleton (Abyss:3)
  A naga simulacrum (Abyss:4)
  A hog (D:15)
  56 yaks
  A human (shapeshifter) (Abyss:4)
  A basilisk (shapeshifter) (Vaults:5)
  6 basilisks
  2 fire bats (Abyss:3)
  15 wyverns
  6 fire elementals
  92 starcursed masses
  13 chaos spawn
  21 golden eyes
  21 neqoxecs
  91 large abominations
  55 redbacks
  A steam dragon (Lair:5)
  14 vampire mosquitoes
  A harpy simulacrum (IceCv)
  10 spatial vortices
  2 wargs
  5 acid dragons
  6 minotaur simulacra (IceCv)
  5 hell hounds
  A floating eye (Depths:2)
  13 water moccasins
  26 orc warriors
  2 swamp drakes (Lair:5)
  3 sky beasts
  A sky beast (shapeshifter) (Depths:3)
  2 ice beasts (D:5)
  4 black bears
  4 alligator simulacra (IceCv)
  9 ogres
  9 wolves
  7 boggarts
  9 centaurs
  A human skeleton (Vaults:1)
  49 small abominations
  2 human zombies (Vaults:1)
  2 kobold brigands
  14 bullfrogs
  7 earth elementals
  A deep troll simulacrum (IceCv)
  A scorpion (D:4)
  A glowing shapeshifter simulacrum (Elf:1)
  4 gnoll sergeants
  7 killer bees
  2 lindwurm simulacra (IceCv)
  5 electric eels
  2 vampire bats
  3 howler monkeys
  3 crimson imps (Abyss:3)
  2 lava snakes (Elf:1)
  A jelly (Abyss:5)
  5 quasits (Abyss:3)
  9 hounds
  36 orc priests
  6 iguanas
  3 iron imps
  2 sleepcaps
  26 orc wizards
  Natasha (thrice) (D:2)
  4 lightning spires (Elf:1)
  A boggart skeleton (D:15)
  22 gnolls
  A shadow imp (D:7)
  5 white imps
  4 ufetubi
  3 worms
  4 dart slugs
  62 orcs
  14 bats
  2 bat skeletons (D:14)
  3 bat zombies (D:14)
  8 endoplasms
  2 giant cockroaches
  13 goblins
  6 hobgoblins
  5 jackals
  5 quokkas
  11 ball pythons
  3 frilled lizards
  13 kobolds
  6 rats
  2 bushes (Depths:3)
  2 butterflies (Lair:4)
  3 lurking horrors
  18 starspawn tentacles
3239 creatures vanquished.

Vanquished Creatures (collateral kills)
  the Royal Jelly (Slime:5)
  A Killer Klown (Zot:2)
  3 caustic shrikes (Depths:4)
  Hellbinder (WizLab)
  A Tzitzimitl (Depths:2)
  A tentacled monstrosity (Zot:2)
  Asterion (Spider:4)
  2 Orb Guardians (Zot:5)
  2 acid blobs (Slime:5)
  A tengu reaver (Depths:4)
  A storm dragon (Zot:2)
  A deep elf sorcerer (Elf:3)
  A draconian annihilator (Zot:2)
  A quicksilver ooze (Slime:5)
  A vampire knight (Depths:4)
  2 putrid mouths (Depths:2)
  2 lorocyprocas (WizLab)
  A purple draconian (Zot:2)
  A yellow draconian (Zot:2)
  A merfolk impaler (Shoals:4)
  An ice dragon (Zot:2)
  2 hell beasts (WizLab)
  An ironbound frostheart (Vaults:1)
  A deep troll shaman (Depths:2)
  3 hell knights (Depths:4)
  A wretched star (Abyss:4)
  A slime creature (Slime:5)
  2 harpies (Shoals:4)
  A deep elf zephyrmancer (Elf:3)
  A phantasmal warrior (Depths:4)
  An ugly thing (D:14)
  A moth of wrath (shapeshifter) (Depths:4)
  2 moths of wrath (Zot:2)
  A smoke demon (Abyss:3)
  2 merfolk (Shoals:4)
  A tengu conjurer (Depths:4)
  A wind drake (Shoals:4)
  A large abomination (Abyss:3)
  A jumping spider (Spider:4)
  A chaos spawn (WizLab)
  3 redbacks
  A water moccasin (Lair:5)
  An orc warrior (Depths:1)
  A quasit (Abyss:3)
  An orc priest (Depths:1)
  A gnoll (D:9)
  3 orcs
63 creatures vanquished.

Vanquished Creatures (others)
  A fire giant (Depths:2)
  A draconian scorcher (Zot:4)
  A demonspawn black sun (Zot:4)
  2 white draconians (Zot:2)
  A yellow draconian (Zot:2)
  A boulder beetle (Spider:1)
  A thrashing horror (Abyss:5)
  A deep elf knight (Elf:2)
  A large abomination (Abyss:4)
  A harpy (Shoals:4)
  A deep elf pyromancer (Elf:1)
  3 wolf spiders
  A molten gargoyle (Elf:1)
  A smoke demon (Abyss:4)
  A demonic crawler (Abyss:4)
  A komodo dragon (Lair:1)
  A wraith (D:10)
  3 jumping spiders
  A golden eye (Slime:5)
  A basilisk (Lair:5)
  A chaos spawn (WizLab)
  A redback (Spider:1)
  A small abomination (Abyss:3)
  An orc priest (D:15)
  3 ball lightnings (Elf:1)
  86 bushes (Depths:3)
  3 demonic plants (Abyss:5)
  4 foxfires
  39 fungi
  3 lurking horrors
  246 plants
  79 starspawn tentacles
492 creatures vanquished.

Grand Total: 3794 creatures vanquished

Notes
Turn   | Place    | Note
-------+----------+-------------------------------------------
     0 | D:1      | Khashishi the Troll Monk began the quest for the Orb.
     0 | D:1      | Reached XP level 1. HP: 22/22 MP: 0/0
   152 | D:1      | Reached XP level 2. HP: 29/29 MP: 1/1
   383 | D:1      | Reached skill level 4 in Unarmed Combat
   533 | D:1      | Reached XP level 3. HP: 35/36 MP: 2/2
   655 | D:2      | Noticed Natasha
   661 | D:2      | Killed Natasha
   672 | D:2      | Reached XP level 4. HP: 42/44 MP: 3/3
   713 | D:2      | Noticed Natasha
   722 | D:2      | Killed Natasha
   723 | D:2      | Reached skill level 5 in Unarmed Combat
   746 | D:2      | Noticed Natasha
   750 | D:2      | Killed Natasha
   796 | D:2      | Noticed Sigmund
   825 | D:2      | Killed Sigmund
   826 | D:2      | Reached skill level 6 in Unarmed Combat
   826 | D:2      | Reached XP level 5. HP: 32/50 MP: 4/4
   826 | D:2      | Reached XP level 6. HP: 38/59 MP: 5/5
  1256 | D:3      | Reached skill level 7 in Unarmed Combat
  1269 | D:3      | Found a faded altar of an unknown god.
  1338 | D:3      | Identified the +3 spear of Vilozuc {flame, rCorr Int+5
                  | Dex-5}
  1699 | D:3      | Found Zin's Purification Station.
  1714 | D:3      | Found a glowing silver altar of Zin.
  1763 | D:3      | Identified the +1 hand axe of Zukec {flame, *Noise Int+6}
  2165 | D:4      | Reached XP level 7. HP: 51/67 MP: 6/6
  2195 | D:4      | Identified the +5 ring mail "Jinohuos" {*Corrode Fly Dex+5}
  2623 | D:5      | Entered Level 5 of the Dungeon
  2634 | D:5      | Found a staircase to the Ecumenical Temple.
  2681 | Temple   | Entered the Ecumenical Temple
  2865 | Temple   | Became a worshipper of Qazlal Stormbringer
  2865 | Temple   | Reached * piety under Qazlal
  2865 | Temple   | Reached ** piety under Qazlal
  2985 | D:5      | Reached skill level 1 in Invocations
  3034 | D:5      | Reached skill level 8 in Unarmed Combat
  3106 | D:5      | Found a basalt altar of Yredelemnul.
  3123 | D:5      | Found a shimmering altar of Xom.
  3431 | D:6      | Reached XP level 8. HP: 38/79 MP: 8/8
  4006 | D:6      | Reached skill level 1 in Shields
  4251 | D:7      | Noticed Joseph
  4289 | D:7      | Reached skill level 5 in Fighting
  4419 | D:7      | Found a blossoming altar of Fedhas.
  4487 | D:7      | Reached skill level 9 in Unarmed Combat
  4610 | D:7      | Reached *** piety under Qazlal
  4772 | D:7      | Killed Joseph
  4773 | D:7      | Reached XP level 9. HP: 74/88 MP: 11/11
  4913 | D:8      | Noticed a troll
  4918 | D:8      | Noticed a two-headed ogre
  4919 | D:8      | Killed a troll
  5175 | D:8      | Reached skill level 5 in Invocations
  5352 | D:8      | Killed a two-headed ogre
  5353 | D:8      | Reached skill level 10 in Unarmed Combat
  5361 | D:8      | Reached XP level 10. HP: 72/100 MP: 13/13
  5430 | D:8      | Found a staircase to the Lair.
  5829 | D:9      | Reached skill level 1 in Ranged Weapons
  5936 | D:9      | Reached skill level 5 in Shields
  5976 | D:9      | Reached **** piety under Qazlal
  6019 | D:9      | You fall into a shaft and drop 1 floor!
  6019 | D:10     | Entered Level 10 of the Dungeon
  6052 | D:10     | Found Naump's Antique Weapon Boutique.
  6617 | D:10     | Noticed Josephine
  6633 | D:10     | HP: 4/95 [spore (42)]
  6647 | D:10     | Killed Josephine
  6813 | D:10     | Identified the +1 falchion of the Radish {heavy, rCorr
                  | Str+2 Stlth-}
  6906 | D:10     | Reached XP level 11. HP: 103/109 MP: 15/15
  7100 | D:11     | Noticed a brown ugly thing
  7106 | D:11     | Killed a brown ugly thing
  7294 | D:11     | Noticed a wizard
  7303 | D:11     | Killed a wizard
  7304 | D:11     | Reached skill level 11 in Unarmed Combat
  7402 | D:11     | Noticed a two-headed ogre
  7410 | D:11     | Killed a two-headed ogre
  7416 | D:11     | Found Keliylu's Assorted Antiques.
  7424 | D:11     | Bought a thick malachite amulet for 100 gold pieces
  7493 | D:11     | Noticed a centaur warrior
  7497 | D:11     | Killed a centaur warrior
  7766 | D:11     | Reached skill level 1 in Armour
  7940 | Lair:1   | Entered Level 1 of the Lair of Beasts
  8108 | Lair:1   | Reached XP level 12. HP: 77/120 MP: 9/16
  9065 | Lair:2   | Noticed a catoblepas
  9081 | Lair:2   | Killed a catoblepas
  9082 | Lair:2   | Reached skill level 12 in Unarmed Combat
  9190 | Lair:2   | Found a hole to the Spider Nest.
  9217 | Lair:2   | Reached ***** piety under Qazlal
  9360 | Lair:2   | Noticed an eight-headed hydra
  9418 | Lair:2   | Killed an eight-headed hydra
 10121 | Lair:3   | Reached skill level 13 in Unarmed Combat
 10121 | Lair:3   | Reached XP level 13. HP: 117/131 MP: 16/19
 10242 | Lair:3   | Found a staircase to the Shoals.
 10789 | Lair:4   | Reached skill level 10 in Invocations
 11147 | Lair:4   | Found a staircase to the Slime Pits.
 11147 | Lair:4   | Found a viscous altar of Jiyva.
 11592 | Lair:5   | Entered Level 5 of the Lair of Beasts
 11690 | Lair:5   | Reached skill level 14 in Unarmed Combat
 11934 | Lair:5   | Reached XP level 14. HP: 106/140 MP: 2/21
 12404 | Lair:5   | Reached skill level 15 in Unarmed Combat
 13198 | Lair:5   | Found the +3 pair of mountain boots {steadfast, rC+}
 13915 | D:12     | Reached ****** piety under Qazlal
 13918 | D:12     | Noticed Gastronok
 13927 | D:12     | Killed Gastronok
 14189 | D:12     | Found a staircase to the Orcish Mines.
 14440 | D:13     | Reached skill level 16 in Unarmed Combat
 14639 | D:13     | Identified the +1 robe "Nuah Fyd" {rC++ rN+ Str+4}
 14654 | D:13     | Reached skill level 5 in Armour
 14774 | D:13     | Noticed a vampire knight
 14774 | D:13     | Noticed a sphinx
 14775 | D:13     | Noticed a frost giant
 14862 | D:13     | Killed a vampire knight
 14922 | D:13     | Reached XP level 15. HP: 146/146 MP: 24/24
 15131 | D:13     | Found a gate to the Vaults.
 15649 | D:14     | Reached skill level 17 in Unarmed Combat
 16039 | D:14     | Found an ancient bone altar of Kikubaaqudgha.
 16097 | D:15     | Entered Level 15 of the Dungeon
 16097 | D:15     | Noticed Jorgrun
 16121 | D:14     | Killed Jorgrun
 16192 | D:15     | Found Ximefiedykh's Antique Weapon Boutique.
 16205 | D:15     | Found a frozen archway.
 16210 | IceCv    | Entered an ice cave
 16714 | IceCv    | Identified the +1 pair of gloves "Dugu" {Rampage MP+9 Int+3
                  | Dex+3}
 16882 | Orc:1    | Entered Level 1 of the Orcish Mines
 17022 | Orc:1    | Found Tiduo's Armour Shoppe.
 17116 | Orc:2    | Entered Level 2 of the Orcish Mines
 17316 | Orc:2    | Noticed Nessos
 17325 | Orc:2    | Killed Nessos
 17332 | Orc:2    | Noticed Sonja
 17345 | Orc:2    | Reached skill level 15 in Invocations
 17345 | Orc:2    | Killed Sonja
 17540 | Orc:2    | Reached skill level 18 in Unarmed Combat
 17702 | Orc:2    | Found Vomneraq's Weapon Emporium.
 17702 | Orc:2    | Found Qogougoa's Jewellery Shoppe.
 17710 | Orc:2    | Found Eviesoho's General Store.
 17714 | Orc:2    | Found Emuty's Assorted Antiques.
 17718 | Orc:2    | Bought the ring of Xunyed {+Blink rElec rN+ Str-2 SInv} for
                  | 533 gold pieces
 17720 | Orc:2    | Bought a grey potion for 18 gold pieces
 17839 | Orc:2    | Found a staircase to the Elven Halls.
 18134 | D:13     | Reached XP level 16. HP: 100/156 MP: 26/26
 18226 | D:13     | Killed a sphinx
 18227 | D:13     | Reached skill level 1 in Evocations
 18536 | Abyss:2  | Found a corrupted altar of Lugonu.
 18536 | Abyss:2  | Cast into level 2 of the Abyss (a wizard)
 18570 | Abyss:2  | Noticed a profane servitor
 18734 | Abyss:3  | Noticed a bone dragon
 18760 | Abyss:3  | Noticed a tentacled starspawn
 18844 | D:15     | Escaped the Abyss
 19028 | D:15     | Noticed Kirke
 19042 | D:15     | Killed Kirke
 19073 | D:15     | Found a staircase to the Depths.
 19363 | Shoals:1 | Entered Level 1 of the Shoals
 19933 | Shoals:1 | Reached skill level 19 in Unarmed Combat
 20485 | Shoals:2 | Found Weky's Gadget Gallery.
 21056 | Shoals:3 | Noticed Polyphemus
 21081 | Shoals:3 | Killed Polyphemus
 21503 | Shoals:3 | Identified the +7 war axe "Spiderslayer" {freeze, Drain rC+
                  | Int+3}
 21693 | Shoals:3 | Reached XP level 17. HP: 117/162 MP: 28/28
 21903 | Shoals:4 | Entered Level 4 of the Shoals
 22375 | Shoals:4 | Identified the amulet of Vovvahas {Faith Harm Fly Str-5
                  | Dex+6}
 22503 | Shoals:4 | Identified the ring "Qekaddiz" {Ice rCorr Int-2 Dex+4}
 22643 | Shoals:4 | Reached skill level 20 in Unarmed Combat
 22750 | Shoals:4 | Got a barnacled rune of Zot
 22916 | Shoals:4 | Identified the +3 glaive "Boupov" {vamp, rPois rF+++ Will-}
 23848 | Vaults:1 | Entered Level 1 of the Vaults
 24071 | Vaults:1 | Reached skill level 10 in Fighting
 24700 | Vaults:1 | Reached skill level 10 in Shields
 24880 | Vaults:1 | Reached XP level 18. HP: 149/176 MP: 29/29
 27080 | Vaults:2 | Reached skill level 21 in Unarmed Combat
 27847 | Vaults:3 | Reached XP level 19. HP: 172/187 MP: 31/31
 28801 | Vaults:3 | Found a staircase to the Crypt.
 28801 | Vaults:3 | Found an ancient bone altar of Kikubaaqudgha.
 28801 | Vaults:3 | Found a basalt altar of Yredelemnul.
 30315 | Vaults:4 | Reached XP level 20. HP: 167/201 MP: 32/32
 30386 | Vaults:4 | Reached skill level 22 in Unarmed Combat
 31025 | Spider:1 | Entered Level 1 of the Spider Nest
 31076 | Spider:1 | Noticed Agnes
 31123 | Lair:2   | Killed Agnes
 32878 | Spider:3 | Noticed Arachne
 33122 | Spider:3 | Noticed Mara
 33392 | Spider:3 | Killed Arachne
 33419 | Spider:3 | Noticed Donald
 33423 | Spider:2 | Killed Donald
 33544 | Spider:3 | Killed Mara
 33877 | Spider:4 | Entered Level 4 of the Spider Nest
 33896 | Spider:4 | Reached skill level 5 in Dodging
 34461 | Spider:4 | Identified the +4 kite shield of Indemnity {rCorr}
 34461 | Spider:4 | Noticed Asterion
 34465 | Spider:4 | Noticed Bai Suzhen
 34471 | Spider:4 | Killed Asterion
 34482 | Spider:4 | Killed Bai Suzhen
 34894 | Spider:4 | Noticed Nikola
 34916 | Spider:4 | Killed Nikola
 34946 | Spider:4 | Identified the +7 falchion of Ebesim {freeze, rCorr}
 35220 | Spider:4 | Reached XP level 21. HP: 197/209 MP: 1/34
 35386 | Spider:4 | Identified the +2 hat of Abstinence {Fly Str+3}
 35403 | Spider:4 | Got a gossamer rune of Zot
 35782 | Depths:1 | Entered Level 1 of the Depths
 36033 | Depths:1 | Found Zete's Magic Scroll Emporium.
 36037 | Depths:1 | Found Kyusokk's Assorted Antiques.
 36037 | Depths:1 | Found Leotehen's Weapon Shoppe.
 36042 | Depths:1 | Bought a scroll of blinking for 105 gold pieces
 36042 | Depths:1 | Bought a scroll of fear for 56 gold pieces
 36042 | Depths:1 | Found Sonacoat's Jewellery Shoppe.
 36045 | Depths:1 | Bought a scroll of blinking for 240 gold pieces
 36089 | Depths:1 | Noticed Saint Roka
 36108 | Depths:1 | Killed Saint Roka
 36549 | Depths:1 | Found a one-way gate leading to the halls of Pandemonium.
 36650 | Depths:1 | Found a gateway to Hell.
 36905 | Depths:2 | Found a magical portal.
 36997 | WizLab   | Entered The Hall of the Hellbinder
 37262 | WizLab   | Noticed Ackoy
 37290 | WizLab   | Killed Ackoy the Hellbinder
 37323 | WizLab   | Reached skill level 10 in Armour
 37447 | WizLab   | Identified the ring "Iseanari" {Wiz rN+ Dex-3 Stlth+}
 37463 | WizLab   | Found a burning altar of Makhleb.
 37489 | WizLab   | Got the Teachings on Company
 37558 | Depths:2 | Found a one-way gate to the infinite horrors of the Abyss.
 37619 | Depths:2 | Found Ufofiapo's Antique Weapon Shop.
 37620 | Depths:2 | Paralysed by a floating eye for 3 turns
 38299 | Depths:2 | Noticed Grunn
 38317 | Depths:2 | Killed Grunn
 38349 | Depths:2 | HP: 8/178 [Tzitzimitl/bolt of negative energy[a doom hound]
                  | (33)]
 38631 | Depths:2 | Reached XP level 22. HP: 71/196 MP: 29/35
 39377 | Depths:3 | Found a corrupted altar of Lugonu.
 40466 | Depths:3 | Found Woust's Book Shoppe.
 40469 | Depths:3 | Found Qetoul's Jewellery Shop.
 40470 | Depths:3 | Found Foecoele's Book Shoppe.
 40470 | Depths:3 | You are sucked into a shaft and drop 1 floor!
 40470 | Depths:4 | Entered Level 4 of the Depths
 40474 | Depths:4 | Identified the +0 great mace "Fukkel" {flame, Fly}
 40478 | Depths:4 | Noticed Vidwubru's ghost (veteran HuIE)
 40479 | Depths:4 | Noticed a caustic shrike
 40481 | Depths:4 | Noticed a caustic shrike
 40482 | Depths:4 | Killed a caustic shrike
 40484 | Depths:4 | Killed a caustic shrike
 40484 | Depths:4 | Noticed a caustic shrike
 40485 | Depths:4 | Noticed a caustic shrike
 40486 | Depths:4 | Killed a caustic shrike
 40488 | Depths:4 | Killed a caustic shrike
 40554 | Depths:4 | Got the Dissertation on Shapeshifting and Destruction
 40573 | Depths:4 | Noticed Mennas
 41562 | Depths:4 | Killed Mennas
 41570 | Depths:4 | Paralysed by a vampire knight for 3 turns
 41714 | Depths:4 | Found a shadowy altar of Dithmenos.
 41973 | Depths:4 | Found a transporter.
 42114 | Depths:4 | Found a transporter.
 42417 | Depths:4 | Found a one-way gateway to a ziggurat.
 42439 | Depths:4 | Reached XP level 23. HP: 209/227 MP: 37/37
 42578 | Depths:4 | Found a gate to the Realm of Zot.
 42884 | Depths:4 | Identified the +1 helmet "Cogrephe" {Slay+2}
 43152 | Elf:1    | Entered Level 1 of the Elven Halls
 43484 | Elf:1    | Got the Writings on the Graveyard
 43636 | Elf:1    | Got the Parchment of the Congregation
 43651 | Elf:1    | Found a shimmering altar of Xom.
 43723 | Elf:1    | Got the Catalogue of the Tempest
 43807 | Elf:1    | Got Miaza's Vellum of the Panacea
 43907 | Elf:1    | Got the Codex of the Volcano
 43952 | Abyss:3  | Cast into level 3 of the Abyss (+6 battleaxe of distortion)
 44246 | Elf:1    | Escaped the Abyss
 44387 | Elf:1    | Reached skill level 23 in Unarmed Combat
 44454 | Elf:1    | Got the Monograph on the Retinue
 44518 | Elf:1    | Noticed Frances
 44527 | Elf:1    | Killed Frances
 44620 | Elf:1    | Got Dispater's Octavo of Quicksand
 44870 | Elf:1    | Got the Grimoire of Transportation
 45053 | Elf:2    | Found a huge runed translucent gate.
 45053 | Elf:2    | Found a huge runed translucent gate.
 45054 | Elf:2    | Found a huge runed translucent gate.
 45058 | Elf:2    | Found a huge runed translucent gate.
 45060 | Elf:2    | Found a huge runed translucent gate.
 45961 | Elf:3    | Entered Level 3 of the Elven Halls
 45982 | Elf:3    | Found Batzaama's Armour Boutique.
 45989 | Elf:3    | Found Pimucveoch's Armour Shoppe.
 46102 | Elf:3    | Found Innyl's Assorted Antiques.
 46121 | Elf:3    | Bought a scroll of teleportation for 114 gold pieces
 46220 | Elf:3    | Found Zoibah Kahy's Armour Emporium.
 46263 | Elf:3    | Identified the +10 trident of Desertification {freeze,
                  | rElec Will+ Stlth+}
 46265 | Abyss:3  | Cast into level 3 of the Abyss (a deep elf sorcerer)
 46300 | Abyss:3  | Reached XP level 24. HP: 156/243 MP: 37/37
 46591 | Elf:3    | Escaped the Abyss
 46596 | Elf:3    | Reached skill level 15 in Fighting
 46613 | Elf:3    | Reached skill level 15 in Armour
 46873 | Elf:3    | Identified the +10 flail "Kezacer" {heavy, MP+9 Str+3}
 46873 | Elf:3    | Identified the ring "Fetenn" {Will+ Str+3}
 47026 | Elf:3    | Identified the +6 flail "Hyukhik" {heavy, Int+4 Dex+3 SInv}
 47026 | Elf:3    | Identified the ring of Nothaol {rPois rC+ Will+ Int+2}
 47141 | Elf:3    | Identified the +1 war axe of the Unspeakable One {freeze,
                  | Str+4}
 47187 | Elf:3    | Identified the +0 leather armour of the Voracious God
                  | {Contam Rampage rN+++ rCorr}
 47263 | Elf:3    | Got the Spellbook of Algid Turbulence
 47271 | Elf:3    | Identified the +5 ring mail of Ytuy {rElec}
 47335 | Elf:3    | Got the Guide on Algor and Attendants
 47363 | Elf:3    | Identified the +4 ice dragon scales "Wugoaq Hugu" {Rampage
                  | rF- rC++ Will+}
 47365 | Elf:3    | Identified the ring "Satotzu" {rElec Str-2 Int+6 Dex+5
                  | SInv}
 47552 | D:12     | Upgraded the game from 0.30-a0-862-g1aabd4f9c5 to
                  | 0.30-a0-867-g305f33218d
 47784 | Vaults:5 | Entered Level 5 of the Vaults
 47787 | Vaults:5 | Reached skill level 24 in Unarmed Combat
 47819 | Vaults:5 | Noticed a dread lich
 47832 | Vaults:5 | Noticed a dread lich
 47834 | Vaults:5 | Killed a dread lich
 48026 | Vaults:5 | Paralysed by a dread lich for 2 turns
 48033 | Vaults:4 | Killed a dread lich
 48096 | Vaults:4 | Paralysed by a sphinx for 5 turns
 48293 | Vaults:5 | Noticed an ancient lich
 48434 | Vaults:5 | Killed an ancient lich
 48474 | Vaults:5 | Identified the +7 spear of Warax {holy, Drain rPois rC++
                  | SInv}
 48496 | Vaults:5 | Identified the +2 great sword of the Harvest {drain, Str+3
                  | Dex-2}
 48697 | Vaults:5 | Reached XP level 25. HP: 147/256 MP: 37/37
 48913 | Vaults:5 | Identified the +1 glaive of Okawaru's Anger {flame, Int+2}
 49435 | Vaults:5 | Identified the +9 quarterstaff "Iduinod" {venom, Drain
                  | Int+5}
 49440 | Vaults:5 | Identified the +2 leather armour of Untruth {Harm rC++}
 49442 | Vaults:5 | Got a silver rune of Zot
 49471 | Vaults:5 | Identified the amulet of Xobus {Reflect Contam +Inv rC+
                  | Int+2 SH+5}
 49518 | Vaults:5 | Identified the +5 flail of Moderation {heavy, Fly rN+
                  | Dex+3}
 49669 | Vaults:5 | Noticed an ancient lich
 49690 | Vaults:5 | Killed an ancient lich
 49708 | Vaults:5 | Identified the ring "Belahorao" {Contam Fly rPois Str+3
                  | Dex+4}
 50409 | Depths:2 | Voluntarily entered the Abyss.
 50409 | Abyss:3  | Found a corrupted altar of Lugonu.
 50660 | Abyss:3  | Reached skill level 25 in Unarmed Combat
 50866 | Abyss:3  | Gained mutation: You are weak. (Str -2) [a neqoxec]
 51070 | Depths:2 | Escaped the Abyss
 51115 | Depths:2 | Voluntarily entered the Abyss.
 51144 | Abyss:3  | Identified a scroll of acquirement
 51151 | Abyss:3  | Found a corrupted altar of Lugonu.
 51159 | Abyss:3  | Got the Secrets of Cadavers
 51357 | Abyss:3  | Found a hazy altar of Hepliaklqana.
 51376 | Abyss:3  | Noticed a dread lich
 51394 | Abyss:3  | Killed a dread lich
 51423 | Abyss:3  | Gained mutation: Your magical capacity is low. (-10% MP) [a
                  | cacodemon]
 51812 | Depths:2 | Escaped the Abyss
 51932 | Depths:2 | Voluntarily entered the Abyss.
 51938 | Abyss:3  | Acquired 983 gold pieces
 51950 | Abyss:3  | Reached XP level 26. HP: 271/271 MP: 33/33
 52152 | Abyss:3  | Found a corrupted altar of Lugonu.
 52202 | Depths:2 | Escaped the Abyss
 52286 | Depths:2 | Voluntarily entered the Abyss.
 52297 | Abyss:3  | Found a bloodstained altar of Trog.
 52504 | Abyss:4  | Reached skill level 26 in Unarmed Combat
 52803 | Abyss:4  | Got an abyssal rune of Zot
 52814 | Depths:2 | Escaped the Abyss
 53093 | Slime:1  | Entered Level 1 of the Pits of Slime
 53223 | Slime:2  | Noticed Dissolution
 53231 | Slime:2  | Killed Dissolution
 54493 | Slime:2  | Gained mutation: You are frail. (-10% HP) [a shining eye]
 54725 | Slime:1  | You are sucked into a shaft and drop 1 floor!
 55017 | Slime:5  | Entered Level 5 of the Pits of Slime
 55034 | Slime:5  | Noticed the Royal Jelly
 55339 | Slime:5  | Found a viscous altar of Jiyva.
 55371 | Slime:5  | Gained mutation: You occasionally lose the ability to read
                  | scrolls when taking damage. [a shining eye]
 55405 | Slime:5  | Killed the Royal Jelly
 55502 | Slime:5  | Got a slimy rune of Zot
 55503 | Slime:5  | Identified the +9 whip "Hemyonov" {flame, *Noise +Blink
                  | rF++ Int+2}
 55531 | Slime:5  | Identified the ring of the Good {Drain rN+ Int+4}
 55548 | Slime:5  | Got the Lectures on Freezing
 55589 | Slime:5  | Identified the +3 mace "Rest" {flame, rC- rCorr Str+3}
 56546 | Depths:4 | Killed Vidwubru's ghost
 56547 | Depths:4 | Reached XP level 27. HP: 258/258 MP: 25/33
 56557 | Depths:4 | Reached skill level 27 in Unarmed Combat
 56643 | Zot:1    | Entered Level 1 of the Realm of Zot
 56956 | Depths:4 | Lost mutation: You occasionally lose the ability to read
                  | scrolls when taking damage. [potion of mutation]
 56956 | Depths:4 | Lost mutation: You are weak. (Str -2) [potion of mutation]
 56956 | Depths:4 | Gained mutation: You have a somewhat thin skeletal
                  | structure. (Dex +2, Stealth+) [potion of mutation]
 56957 | Depths:4 | Lost mutation: Your magical capacity is low. (-10% MP)
                  | [potion of mutation]
 56957 | Depths:4 | Lost mutation: You are frail. (-10% HP) [potion of
                  | mutation]
 56957 | Depths:4 | Gained mutation: You have very sharp teeth. [potion of
                  | mutation]
 56957 | Depths:4 | Gained mutation: You occasionally shout uncontrollably at
                  | your foes. [potion of mutation]
 56957 | Depths:4 | Gained mutation: You have a pair of small horns on your
                  | head. [potion of mutation]
 57120 | Zot:1    | Found Keorgheih's Changing Room.
 57132 | Zot:1    | Noticed an orb of fire
 57141 | Zot:1    | Killed an orb of fire
 57187 | Zot:1    | Bought a potion of mutation for 112 gold pieces
 57221 | Zot:1    | You are sucked into a shaft and drop 1 floor!
 57227 | Zot:2    | Noticed an orb of fire
 57245 | Zot:2    | Killed an orb of fire
 59115 | Zot:3    | Noticed an ancient lich
 59664 | Zot:4    | Noticed an orb of fire
 59667 | Zot:4    | Gained mutation: You are weak. (Str -2) [an orb of fire]
 59823 | Zot:4    | Gained mutation: You occasionally lose the ability to read
                  | scrolls when taking damage. [an orb of fire]
 59941 | Zot:4    | Gained mutation: You sometimes lose the ability to read
                  | scrolls when taking damage. [an orb of fire]
 59941 | Zot:4    | Gained mutation: You are vulnerable to cold. (rC-) [an orb
                  | of fire]
 60102 | Zot:4    | Killed an orb of fire
 60192 | Zot:3    | Noticed a dread lich
 60246 | Zot:3    | Found a shimmering blue altar of Sif Muna.
 60250 | Zot:3    | Found a transporter.
 60664 | Zot:4    | Noticed an orb of fire
 60680 | Zot:4    | Killed an orb of fire
 60818 | Zot:4    | Got Pygruri's Compendium of The Black Sun
 60864 | Zot:5    | Entered Level 5 of the Realm of Zot
 60864 | Zot:5    | Noticed an orb of fire
 60864 | Zot:5    | Noticed an orb of fire
 60866 | Zot:5    | Noticed a dread lich
 60882 | Zot:5    | Noticed an ancient lich
 60882 | Zot:5    | Gained mutation: Potions are less effective at restoring
                  | your health. [an orb of fire]
 60885 | Zot:5    | Killed an orb of fire
 60898 | Zot:5    | Paralysed by a dread lich for 2 turns
 60899 | Zot:5    | Gained mutation: You are very weak. (Str -4) [an orb of
                  | fire]
 60900 | Zot:5    | Noticed an orb of fire
 60909 | Zot:5    | Killed an orb of fire
 60913 | Zot:5    | Noticed a dread lich
 60919 | Zot:5    | Noticed an orb of fire
 61355 | Depths:4 | Voluntarily entered the Abyss.
 61370 | Abyss:4  | Lost mutation: You have a somewhat thin skeletal structure.
                  | (Dex +2, Stealth+) [potion of mutation]
 61370 | Abyss:4  | Lost mutation: You are vulnerable to cold. (rC-) [potion of
                  | mutation]
 61370 | Abyss:4  | Lost mutation: You are very weak. (Str -4) [potion of
                  | mutation]
 61370 | Abyss:4  | Gained mutation: Your spells are a little harder to cast,
                  | but a little more powerful. [potion of mutation]
 61370 | Abyss:4  | Gained mutation: You are strong-willed. (Will+) [potion of
                  | mutation]
 61371 | Abyss:4  | Lost mutation: You sometimes lose the ability to read
                  | scrolls when taking damage. [potion of mutation]
 61371 | Abyss:4  | Lost mutation: You are weak. (Str -2) [potion of mutation]
 61371 | Abyss:4  | Gained mutation: Your magical capacity is low. (-10% MP)
                  | [potion of mutation]
 61371 | Abyss:4  | Gained mutation: Your flesh is heat resistant. (rF+)
                  | [potion of mutation]
 61371 | Abyss:4  | Gained mutation: Your flesh is very heat resistant. (rF++)
                  | [potion of mutation]
 61426 | Abyss:4  | Found a corrupted altar of Lugonu.
 61513 | Depths:4 | Escaped the Abyss
 61598 | Depths:4 | Voluntarily entered the Abyss.
 61804 | Depths:4 | Escaped the Abyss
 61806 | Depths:4 | Voluntarily entered the Abyss.
 62058 | Abyss:4  | Lost mutation: You are strong-willed. (Will+) [a neqoxec]
 62062 | Depths:4 | Escaped the Abyss
 62083 | Depths:4 | Voluntarily entered the Abyss.
 62085 | Abyss:4  | Found a corrupted altar of Lugonu.
 62123 | Abyss:4  | Found a corrupted altar of Lugonu.
 62309 | Depths:4 | Escaped the Abyss
 62374 | Depths:4 | Voluntarily entered the Abyss.
 62426 | Abyss:5  | Found a corrupted altar of Lugonu.
 62600 | Depths:4 | Escaped the Abyss
 62738 | Depths:4 | Voluntarily entered the Abyss.
 62838 | Depths:4 | Escaped the Abyss
 62883 | Depths:4 | Voluntarily entered the Abyss.
 63049 | Abyss:5  | Paralysed by accursed screaming for 2 turns
 63065 | Depths:4 | Escaped the Abyss
 63319 | Zot:5    | Paralysed by a dread lich for 3 turns
 63435 | Zot:5    | Killed a dread lich
 63640 | Zot:5    | Killed an orb of fire
 63646 | Zot:5    | Killed a dread lich
 63653 | Zot:5    | Noticed a dread lich
 63663 | Zot:5    | Killed a dread lich
 63810 | Zot:5    | Gained mutation: Potions cannot restore your health. [an
                  | orb of fire]
 63812 | Zot:5    | Killed an orb of fire
 63813 | Zot:5    | Noticed an ancient lich
 63818 | Zot:5    | Killed an ancient lich
 63920 | Zot:5    | Killed an ancient lich
 64750 | Zot:5    | Got the Orb of Zot
 64970 | Depths:3 | Noticed Muuleesh the pandemonium lord
 64989 | Depths:3 | Killed Muuleesh the pandemonium lord
 65341 | D:$      | Escaped with the Orb!

Illustrated notes

Levels and vault maps discovered:
D:1:      elethiomel_arrival_quiet, layout_basic, minmay_misc_feat_pillars
D:2:      layout_rooms, kennysheep_generic_room_2, uniq_sigmund, uniq_natasha
D:3:      layout_loops_cross, zin_purify, dreamdust_ecumenical_altar_statues
D:4:      layout_loops_ring, kennysheep_generic_room_6
D:5:      layout_rooms, mainiacjoe_overflow_swirl, minmay_temple_entry_tees
D:6:      layout_gridville
D:7:      layout_loops_ring, fedhas_ov_isle_minmay, uniq_joseph
D:8:      layout_loops_cross, erik_lair_island
D:9:      layout_basic
D:10:     layout_rooms, serial_shops, nicolae_diamond_shop, uniq_josephine
D:11:     layout_gridville, serial_shops, kennysheep_mini
D:12:     layout_rooms, david_orc_4, uniq_gastronok
D:13:     minmay_tile_spiral, layout_cave_pools, grunt_vaults_entry_fortified
D:14:     layout_irregular_city, minivault_26, kennysheep_vampire_church
D:15:     grunt_enter_depths_magical_seal, layout_rooms, serial_park_fountain,
          serial_shops, nicolae_shop_crystal,
          portal_ice_cave_entry_pillars_four, uniq_jorgrun, uniq_kirke
Temple:   dpeg_five_rooms_temple
Lair:1:   layout_small_grid, beast_lair_carwin_6, grunt_megastairs_5,
          infiniplex_staircase_pool
Lair:2:   layout_roguey, nicolae_spider_entry_tight_spaces, st_stairs_7,
          serial_bayou_shore_b, lemuel_fruit_tree
Lair:3:   layout_loops_ring, nicolae_shoals_entry_flooding, roderic_batcave
Lair:4:   layout_regular_city, slime_entry_1, lemuel_fruit_fields,
          lemuel_fruit_fields
Lair:5:   guppyfry_lair_end_dragon, layout_regular_city,
          hangedman_lair_tendril_chambers, bobbens_ice_dragon_lair
Shoals:1: layout_shoals, nicolae_shoals_this_corrosion
Shoals:2: layout_shoals, nicolae_shop_gadgets
Shoals:3: layout_shoals, nicolae_shoals_loop_pool, uniq_polyphemus
Shoals:4: shoals_end_grunt_garden, layout_shoals
Spider:1: layout_spider_delve, hangedman_spider_tarantella_strand, uniq_agnes
Spider:2: layout_spider_delve
Spider:3: layout_spider_delve, nicolae_spider_cling_halls, uniq_arachne,
          uniq_donald, uniq_mara
Spider:4: grunt_spider_rune_circles, nicolae_spider_webbed_stairs, uniq_nikola,
          uniq_bai_suzhen, uniq_asterion
Slime:1:  layout_caves
Slime:2:  cheibrodos_slime_lost_civilization_10, layout_caves,
          nicolae_slime_barrier, dissolution_awaits
Slime:3:  layout_caves
Slime:4:  layout_caves
Slime:5
Orc:1:    layout_caves, serial_shops, shop
Orc:2:    st_orc_mages, layout_caves, uniq_nessos, uniq_sonja
Elf:1:    layout_geoelf_diagonals, serial_hangedman_research,
          hangedman_research_geology, hangedman_research_thanatology,
          hangedman_research_pyrotechnics, hangedman_research_quantum,
          hangedman_research_electronics, hangedman_research_toxicology,
          basic_altar, minmay_elf_demonology, hangedman_research_convocations,
          uniq_frances
Elf:2:    elven_hall_of_blades_hangedman_alternative
          [nicolae_blade_entry_crossed_weapons], layout_loops_ring
Elf:3:    nooodl_elf_gasket, layout_geoelf_octagon, serial_shops,
          nicolae_shop_overgrown_old_shop, shop, nicolae_shop_trees,
          shop_statue, drop_trap, dreamdust_mushroom_princess, minivault_24
Vaults:1: v_alt_pattern_5, nicolae_vaults_specimen_jars,
          nicolae_vaults_angled_halls, ontoclasm_vaults_loading_screen,
          v_misc_9, nicolae_vaults_border_crossing, vaults_dpeg_diagonal,
          layout_vaults_omnigrid
Vaults:2: hangedman_vaults_pinch, st_smaller_cells, v_misc_31,
          nicolae_vaults_little_squares_6, nicolae_vaults_ring_of_whatevers,
          vaults_room_door_ring, vaults_mumra_minichess,
          ontoclasm_vaults_loading_screen, vaults_standard_mumra_lines,
          vaults_room_door_hall, vaults_room_door_hall, layout_vaults_ring
Vaults:3: grunt_vaults_trifunnel, minmay_crypt_entry_necro_gods, v_misc_12,
          vaults_standard_mumra_x, hangedman_vaults_river_flow, v_rooms_6,
          ontoclasm_vaults_ring_large, v_pattern_5, st_cells,
          ontoclasm_vaults_ligature, ontoclasm_vaults_loading_screen,
          layout_vaults_omnibox
Vaults:4: vaults_room_hallway, v_misc_30, v_misc_22, nicolae_vaults_theta,
          vaults_room_fancy_cross, vaults_standard_mumra_enter_the_diamond,
          nicolae_vaults_what_the_h, hangedman_vaults_stream, v_misc_25,
          v_misc_28, nicolae_vaults_little_squares_5, vaults_mumra_hexcomb,
          layout_vaults_omnicross
Vaults:5
Depths:1: layout_forbidden_donut, rand_demon_pan_entry_8, hell_entry,
          kennysheep_cross_room, kennysheep_generic_room_11, minmay_shoptagon,
          uniq_saint_roka
Depths:2: hangedman_arrow_trap, layout_gridlike, grunt_hell_entry_dis_old,
          minmay_misc_feat_ornament, abyss_entry, serial_shops,
          nicolae_take_the_stairs, pan_entry, infiniplex_enter_wizlab_water,
          serial_bayou_shore_b, infiniplex_staircase_trident, uniq_grunn
Depths:3: minmay_spriggan_fort, layout_honeycomb, hell_entry,
          abyss_entry_flame_altar, roderic_serpentine_path,
          nicolae_figureground_sparkle, minmay_shop_grove
Depths:4: evilmike_zot_entry_round, layout_cave_pools, enter_ziggurat_e,
          gammafunk_ghost_smash, hell_entry, pan_entry,
          abyss_entry_small_statue_room, special_room [special_room_jelly],
          grunt_dithmenos_smoke, uniq_mennas
Zot:1:    layout_concentric_octagons, st_stairs_9, hangedman_zot_wheel_spokes,
          nicolae_transmutations_shop
Zot:2:    grunt_zot_stairs_mandelzot, layout_misc_corridors, grunt_ministairs_6
Zot:3:    gammafunk_sealed_library, layout_misc_corridors, grunt_megastairs_3
Zot:4:    dreamdust_black_sun_cult, layout_misc_corridors,
          nicolae_zot_crop_circle
Zot:5:    layout_concentric_octagons

Skill      XL: |  1  2  3  4  5  6  7  8  9 10 11 12 13 14 15 16 17 18 19 20 21 22 23 24 25 26 27 |
---------------+----------------------------------------------------------------------------------+-----
Unarmed Combat | 4 6 7 8 9 10 11 13 14 16 18 19 20 21 22 23 24 25 26 27 | 27.0
Fighting       | 3 4 5 6 7 8 9 10 11 12 13 14 16 17 19 22 | 22.0
Invocations    | 2 4 5 6 7 9 11 13 15 16 17 18 19 20 21 22 26 | 26.5
Shields        | 2 4 5 7 8 10 11 12 13 | 13.1
Ranged Weapons | 2 3 4 |  4.0
Armour         | 2 3 5 7 10 13 14 16 17 18 21 | 21.9
Dodging        | 3 6 7 |  7.0
Evocations     | 2 |  2.0
Stealth        | |  1.0

Action                     |  1- 3 |  4- 6 |  7- 9 | 10-12 | 13-15 | 16-18 | 19-21 | 22-24 | 25-27 || total
---------------------------+-------+-------+-------+-------+-------+-------+-------+-------+-------++-------
  Melee: Unarmed           |    64 |   119 |   234 |   432 |   915 |  1130 |  1453 |  1555 |  3076 ||  8978
         Punch             |     4 |     2 |     3 |       |       |       |       |       |       ||     9
         Headbutt          |       |       |       |       |       |       |       |       |   388 ||   388
         Bite              |       |       |       |       |       |       |       |       |   223 ||   223
   Fire: Sling             |       |       |    70 |   105 |   574 |   438 |   215 |   105 |    49 ||  1556
  Throw: Dart              |     2 |     5 |    26 |    33 |    32 |    21 |     9 |       |     1 ||   129
         Throwing net      |       |       |       |       |       |     4 |     3 |     5 |     3 ||    15
 Invoke: Upheaval          |       |       |       |     2 |     1 |     1 |     3 |     2 |    22 ||    31
         Elemental Force   |       |       |       |     1 |     2 |     2 |     7 |     4 |    14 ||    30
         Disaster Area     |       |       |       |       |     5 |     9 |     8 |     8 |    16 ||    46
Ability: Evoke Blink       |       |       |       |       |       |     2 |     3 |     4 |     2 ||    11
  Evoke: Wand              |       |       |     1 |    18 |    13 |    25 |    18 |    21 |    30 ||   126
         Lightning rod     |       |       |       |       |       |    12 |    17 |    17 |    11 ||    57
         Condenser vane    |       |       |       |       |       |     1 |     5 |     6 |     4 ||    16
         Phial of floods   |       |       |       |       |       |     1 |     5 |     2 |     2 ||    10
         Phantom mirror    |       |       |       |       |       |       |       |     2 |     3 ||     5
         Tin of tremorston |       |       |       |       |       |       |       |     2 |     9 ||    11
    Use: Scroll            |       |       |     5 |    22 |    11 |    12 |    10 |    12 |    15 ||    87
         Potion            |       |       |     1 |     7 |     6 |    10 |    11 |    11 |    23 ||    69
   Stab: Sleeping          |     3 |     6 |     2 |       |       |       |       |       |       ||    11
         Invisible         |     2 |       |     2 |     3 |     9 |     1 |       |     4 |     3 ||    24
         Distracted        |       |       |       |     1 |       |     1 |     4 |       |     3 ||     9
         Petrified         |       |       |       |       |     3 |       |       |       |       ||     3
         Paralysed         |       |       |       |       |     1 |     1 |     5 |     1 |     9 ||    17
         Betrayed ally     |       |       |       |       |       |     1 |       |       |       ||     1
         Confused          |       |       |       |       |       |       |     4 |       |       ||     4
         Held in net/web   |       |       |       |       |       |       |     2 |     1 |       ||     3
 Armour: Robe              |    11 |    25 |    48 |    79 |   105 |    60 |   188 |       |       ||   516
         Skin              |       |       |       |     3 |    27 |       |       |       |     9 ||    39
         Acid dragon scale |       |       |       |       |    73 |    59 |       |       |       ||   132
         Fire dragon scale |       |       |       |       |       |       |    57 |   320 |   459 ||   836
         Ice dragon scales |       |       |       |       |       |       |       |       |   241 ||   241
  Dodge: Dodged            |    19 |    57 |    96 |    85 |   167 |   171 |   213 |   231 |   427 ||  1466
         Repelled          |       |       |       |       |     4 |    12 |     1 |    27 |    47 ||    91
  Block: Other             |       |       |    10 |       |       |       |       |       |       ||    10
         Kite shield       |       |       |    88 |   291 |   796 |  1046 |  1447 |  1100 |  2051 ||  6819
         Reflection        |       |       |       |       |    17 |   121 |    29 |     3 |       ||   170

Table legend: (Time is in decaauts)
 A = Elapsed time spent in this place.
 B = Non-inter-level travel time spent in this place.
 C = Inter-level travel time spent in this place.
 D = Time resting spent in this place.
 E = Time spent auto-exploring this place.
 F = Levels seen in this place.
 G = Mean time per level.
                   A        B        C        D        E       F      G
               +--------+--------+--------+--------+--------+-----+--------+
         Total |  62610 |  54449 |   8161 |   6681 |  21173 |  72 |  869.6 |
       Dungeon |  13534 |  10889 |   2645 |    711 |   6179 |  15 |  902.3 |
        Temple |    219 |    185 |     34 |      0 |    163 |   1 |  219.0 |
          Lair |   6691 |   5677 |   1014 |    487 |   3166 |   5 | 1338.2 |
        Shoals |   4231 |   3637 |    594 |    528 |   1563 |   4 | 1057.8 |
   Spider Nest |   3881 |   3573 |    308 |    613 |    928 |   4 |  970.2 |
    Slime Pits |   2954 |   2443 |    511 |    145 |   1639 |   5 |  590.8 |
  Orcish Mines |   1187 |   1072 |    115 |     64 |    688 |   2 |  593.5 |
   Elven Halls |   3488 |   3298 |    190 |    377 |   1251 |   3 | 1162.7 |
        Vaults |   8912 |   7718 |   1194 |    661 |   2275 |   5 | 1782.4 |
        Depths |   6914 |   5900 |   1014 |   1573 |   1994 |   4 | 1728.5 |
           Zot |   5915 |   5375 |    540 |   1370 |    950 |   5 | 1183.0 |
         Abyss |   3616 |   3616 |      0 |     52 |    124 |  17 |  212.7 |
      Ice Cave |    563 |    563 |      0 |     18 |     99 |   1 |  563.0 |
        Wizlab |    499 |    499 |      0 |     79 |    154 |   1 |  499.0 |
               +--------+--------+--------+--------+--------+-----+--------+

Top non-repeatable levels by time:
Vaults:1: 2316 daAuts
 Abyss:3: 2166 daAuts
Depths:3: 1951 daAuts
Depths:2: 1918 daAuts
Depths:4: 1900 daAuts
Vaults:4: 1886 daAuts
   Zot:5: 1749 daAuts
    D:13: 1719 daAuts
  Lair:5: 1702 daAuts
Vaults:5: 1611 daAuts
Vaults:3: 1574 daAuts
  Lair:2: 1556 daAuts
Vaults:2: 1522 daAuts
Spider:4: 1477 daAuts
   Elf:1: 1473 daAuts
